 Dungeon Crawl Stone Soup version 0.31.0-1-g2c135a008e (webtiles) character file.

Game seed: 10449181610194481793

4981 qw the Skirmisher (level 10, -10/75 HPs)
             Began as a Djinni Hunter on Jan 23, 2024.
             Was an Initiate of Okawaru.
             Mangled by Erica
             ... wielding a +2 scimitar of flaming
              (15 damage)
             ... on level 9 of the Dungeon.
             The game lasted 00:00:31 (6817 turns).

qw the Skirmisher (Djinni Hunter)                   Turns: 6817, Time: 00:00:31

Health: -10/75     AC: 10    Str: 10    XL:     10   Next: 83%
Gold:   383        EV: 19    Int: 12    God:    Okawaru [......] SH:  5 Dex: 20

rFire   + + .        e - +6 triple crossbow (flame)
rCold   x . .        (shield currently unavailable)
rNeg    . . .        c - +0 steam dragon scales
rPois   inf          l - +1 helmet
rElec   .            d - +1 cloak
rCorr   .            (no gloves)
SInv    .            (boots unavailable)
Will    ++...        i - amulet of reflection
Stlth   ++           j - +5 ring of evasion
HPRegen 0.32/turn    m - ring of willpower
MPRegen 0.00/turn

%: reflection, infuse magic (-11 HP)
@: flying, hasted, constricted, very quick
A: sickness immunity, fire resistance 2, cold vulnerability 1, float, innate
caster, HP casting, extra vitality 1
a: Renounce Religion


You were on level 9 of the Dungeon.
You worshipped Okawaru.
Okawaru was noncommittal.
You visited 2 branches of the dungeon, and saw 10 of its levels.

You collected 474 gold pieces.
You spent 91 gold pieces at shops.


Innate Abilities, Weirdness & Mutations

You are immune to sickness and miasma.
You are immune to poison.
Your flesh is very heat resistant. (rF++)
You are vulnerable to cold. (rC-)
You float through the air rather than walking.
You learn spells naturally, not from books.
Your magical power is your life essence.
You have superior vitality. (+4 MHP)


   Skills:
 + Level 7.1 Fighting
 - Level 10.0 Ranged Weapons
 - Level 3.4 Armour
 - Level 8.0 Dodging
 - Level 0.7 Stealth


You knew the following spells:

 Your Spells              Type           Power      Damage    Failure   Level
a - Sandblast             Erth           0%         2d4       32%         1
b - Searing Ray           Conj           0%         2d4       45%         2
c - Stone Arrow           Conj/Erth      0%         3d7       69%         3
d - Dimensional Bullseye  Hex/Tloc       0%         N/A       97%         4
Your spell library was empty.

Inventory:

Hand Weapons
 e - a +6 triple crossbow of flaming (weapon)
Armour
 c - +0 steam dragon scales (worn)
 d - a +1 cloak (worn)
 l - a +1 helmet (worn)
Jewellery
 a - a ring of fire
 i - an amulet of reflection (around neck)
 j - a +5 ring of evasion (left hand)
 m - a ring of willpower (right hand)
 n - a ring of ice
Wands
 k - a wand of charming (7)
Scrolls
 o - a scroll of identify
Potions
 f - a potion of enlightenment
 g - a potion of curing {unknown}
 p - a potion of might

Dungeon Overview and Level Annotations

Branches:
Dungeon (9/15)             Temple (1/1) D:7
   Lair: D:8-11         Orc: D:9-12

Altars:
Cheibriados
Elyvilon
Fedhas
Gozag
Hepliaklqana
Makhleb
Nemelex Xobeh
Okawaru
Qazlal
Wu Jian
Xom
Yredelemnul
Zin
The Shining One

Shops:
D:3 *

Annotations:
D:3 3 runed translucent doors, qw's ghost, novice GrHu
D:9 Erica


Message History

Erica flickers and vanishes!
Deactivating autopickup; reactivate with Ctrl-A.
You are constricted.
The orc warrior misses you. The centaur completely misses you.
The centaur closely misses you.
You hear a loud, deep croak!
You shoot a bolt. The bolt barely misses the centaur.
The centaur hits you. The centaur misses you. Something completely misses you.
You are constricted.
The orc warrior misses you. The centaur closely misses you.
The centaur kicks you but does no damage.
The orc warrior hits you from afar with a +0 halberd.
Something barely misses you.
You are constricted.
You shoot a bolt. The bolt hits the centaur!!
The bolt burns the centaur.
The centaur is almost dead.
A bullfrog comes into view.
The centaur hits you but does no damage.
The centaur closely misses you. The centaur misses you.
You block the centaur's attack.
You hear some strange, mumbled words.
Something tries to affect you, but you resist.
You are constricted.
The orc warrior barely misses you.
You shoot a bolt. The bolt hits the centaur!
The bolt burns the centaur.
You kill the centaur!
Okawaru accepts your kill.
A centaur comes into view.
The centaur hits you but does no damage.
The centaur kicks you but does no damage.
You block the orc warrior's attack. Something hits you!
You are constricted.
The bullfrog closely misses you.
Your Dodging skill increases to level 8!
You shoot a bolt. The bolt barely misses the bullfrog.
You hear an angry buzzing noise.
You block the centaur's attack. The centaur misses you. The bullfrog hits you.
The orc warrior completely misses you. Something barely misses you.
You are constricted.
The centaur misses you. The centaur completely misses you.
The bullfrog hits you but does no damage.
You shoot a bolt. The bolt hits the bullfrog.
The bolt burns the bullfrog.
The bullfrog is moderately wounded.
The centaur misses you. You block the centaur's attack.
The orc warrior barely misses you. Something hits you!
You die...

.. .........)#
########...#
..#...#
###.#...#
..#.#...#
####.#.#...#
#### ..#.#.#...#
#..c##.#.#.#..##
##@#.#.#)#..#
#.F{#.#.#.#.#
#o#?##.#.#.#.#
#.##...#.#.#.# #
# ####.#.#.#
#### ..#.#..
#... ###.#.#
#.._ ..#.# #._8
### # #.._


You could see an orc warrior, a bullfrog and a centaur.

Vanquished Creatures
  Pikel (D:6)
  A troll (D:8)
  A hornet (D:8)
  Grinder (D:4)
  A wyvern (D:7)
  A steam dragon (D:5)
  A water moccasin (D:4)
  3 sky beasts
  A laughing skull (D:8)
  3 orc warriors
  2 ice beasts
  A black bear (D:4)
  An ogre (D:6)
  5 centaurs
  A lemure (D:6)
  A phantom (D:7)
  2 kobold brigands
  3 bullfrogs
  2 scorpions
  Blork the orc (D:4)
  9 wights
  2 howler monkeys (D:8)
  A bombardier beetle (D:7)
  4 hounds
  2 jellies
  4 orc priests
  3 iguanas
  Natasha (twice) (D:2)
  11 orc wizards
  14 adders
  A shadow imp (D:5)
  3 white imps
  A dart slug (D:3)
  2 ribbon worms
  31 orcs
  7 bats
  8 endoplasms
  2 giant cockroaches (D:1)
  5 goblins
  5 hobgoblins
  4 jackals (D:1)
  16 kobolds
  2 quokkas
  11 ball pythons
  3 frilled lizards (D:2)
  2 rats
188 creatures vanquished.

Notes
Turn   | Place    | Note
-------+----------+-------------------------------------------
     0 | D:1      | qw the Djinni Hunter began the quest for the Orb.
     0 | D:1      | Reached XP level 1. HP: 18/18 MP: 0/0
     0 | D:1      | 0 ||| qw: Version: 0.3-a-132-g3d54051
     0 | D:1      | 0 ||| qw: Game counter: 578
     0 | D:1      | 0 ||| qw: Melee chars always use a shield: true
     0 | D:1      | 0 ||| qw: God list: Okawaru
     0 | D:1      | 0 ||| qw: Allow faded altars: false
     0 | D:1      | 0 ||| qw: Do Orc after clearing Dungeon:15 true
     0 | D:1      | 0 ||| qw: Do second Lair branch before Depths: true
     0 | D:1      | 0 ||| qw: Lair rune preference: random
     0 | D:1      | 0 ||| qw: Goals: Normal
     0 | D:1      | 0 ||| PLANNING D:1-11
     6 | D:1      | 6 ||| SWAPPING to +0 orcbow.
     7 | D:1      | 7 ||| DROPPING +0 shortbow.
    72 | D:1      | Reached XP level 2. HP: 23/23 MP: 0/0
   425 | D:1      | Noticed a glass eye
   427 | D:1      | Found a faded altar of an unknown god.
   430 | D:1      | Noticed a shining eye
   436 | D:1      | Noticed an eye of devastation
   440 | D:1      | Noticed a shining eye
   470 | D:1      | Reached XP level 3. HP: 28/28 MP: 0/0
   470 | D:1      | Learned a level 1 spell: Sandblast
   565 | D:1      | Reached skill level 4 in Ranged Weapons
   982 | D:1      | 982 ||| READING scroll labelled JUEGYRI YMATHI.
   983 | D:1      | 983 ||| READING scroll labelled DOHAKU LAMOI.
   984 | D:1      | 984 ||| READING 2 scrolls labelled UHONONN XUKUM.
   984 | D:1      | 984 ||| IDENTIFYING amethyst potion
   985 | D:1      | 985 ||| READING scroll of identify.
   985 | D:1      | 985 ||| IDENTIFYING smoky green potion
   986 | D:1      | 986 ||| READING scroll labelled BOTHYTANIPT.
   986 | D:1      | Identified a scroll of acquirement
   986 | D:1      | 986 ||| ACQUIRING +6 triple crossbow of flaming
   986 | D:1      | Acquired a +6 triple crossbow of flaming
   988 | D:1      | 988 ||| SWAPPING to +6 triple crossbow of flaming.
   989 | D:1      | 989 ||| DROPPING +0 orcbow.
   990 | D:1      | 990 ||| READING scroll labelled YKUIDISHESM.
   991 | D:1      | 991 ||| DROPPING potion of attraction.
   992 | D:1      | 992 ||| DROPPING scroll of butterflies.
  1069 | D:2      | 1069 ||| READING 3 scrolls labelled COECRI GADDAAJ.
  1070 | D:2      | 1070 ||| FLEEEEING.
  1072 | D:2      | 1072 ||| FLEEEEING.
  1292 | D:2      | Noticed Natasha
  1293 | D:2      | Killed Natasha
  1294 | D:2      | Reached skill level 3 in Fighting
  1294 | D:2      | Reached XP level 4. HP: 35/35 MP: 0/0
  1764 | D:2      | 1764 ||| READING scroll of identify.
  1764 | D:2      | 1764 ||| IDENTIFYING cyan potion
  1765 | D:2      | 1765 ||| READING scroll labelled DAQORR EHUU.
  1766 | D:2      | 1766 ||| FLEEEEING.
  1809 | D:2      | Noticed Natasha
  1810 | D:2      | Killed Natasha
  1811 | D:2      | Reached skill level 3 in Dodging
  1811 | D:2      | Reached XP level 5. HP: 40/40 MP: 0/0
  1811 | D:2      | Learned a level 2 spell: Searing Ray
  1811 | D:2      | 1811 ||| READING scroll labelled IGOUFA DIHEO.
  1812 | D:2      | 1812 ||| DRINKING 2 fuming amethyst potions.
  1813 | D:2      | 1813 ||| DROPPING potion of degeneration.
  1814 | D:2      | 1814 ||| DROPPING potion of invisibility.
  1875 | D:3      | Found Ulepnik's General Store.
  1884 | D:3      | 1884 ||| BUYING +0 cloak (63 gold).
  1884 | D:3      | Bought a +0 cloak for 63 gold pieces
  1884 | D:3      | 1884 ||| SHOPLISTING potion of mutation (112 gold, have
                  | 71).
  1884 | D:3      | 1884 ||| BUYING scroll of identify (28 gold).
  1884 | D:3      | Bought a scroll of identify for 28 gold pieces
  1884 | D:3      | 1884 ||| SHOPLISTING wand of flame (29) (284 gold, have
                  | 43).
  1948 | D:3      | Found a runed translucent gate.
  1948 | D:3      | Found a runed translucent gate.
  1948 | D:3      | Found a runed translucent gate.
  1973 | D:3      | 1973 ||| FLEEEEING.
  2088 | D:3      | 2088 ||| DRINKING orange potion.
  2088 | D:3      | HP: 9/40 [orc/+0 flail (8)]
  2089 | D:3      | 2089 ||| DRINKING smoky dark potion.
  2090 | D:3      | 2090 ||| DRINKING dark potion.
  2091 | D:3      | 2091 ||| DRINKING white potion.
  2095 | D:3      | HP: 9/40 [something/magic dart (6)]
  2096 | D:3      | 2096 ||| READING 2 scrolls of teleportation.
  2097 | D:3      | HP: 3/40 [something (4)]
  2329 | D:3      | Reached XP level 6. HP: 44/46 MP: 0/0
  2372 | D:3      | Reached skill level 5 in Ranged Weapons
  2375 | D:3      | 2375 ||| FLEEEEING.
  2386 | D:3      | 2386 ||| FLEEEEING.
  2388 | D:3      | HP: 8/46 [something/magic dart (9)]
  2397 | D:3      | 2397 ||| READING scroll of teleportation.
  2710 | D:3      | 2710 ||| FLEEEEING.
  2866 | D:3      | Noticed qw's ghost (novice GrHu)
  2868 | D:3      | 2868 ||| UPGRADING to +0 ring mail.
  2878 | D:3      | 2878 ||| DROPPING +0 leather armour.
  2879 | D:3      | 2879 ||| UPGRADING to +0 cloak.
  2900 | D:4      | Reached skill level 1 in Armour
  2900 | D:4      | Noticed Blork the orc
  2903 | D:4      | Killed Blork the orc
  2904 | D:4      | Reached XP level 7. HP: 50/52 MP: 0/0
  2904 | D:4      | Learned a level 3 spell: Stone Arrow
  2953 | D:4      | 2953 ||| FLEEEEING.
  3031 | D:4      | Found a glowing silver altar of Zin.
  3177 | D:4      | Noticed a water moccasin
  3179 | D:4      | Killed a water moccasin
  3234 | D:4      | Reached skill level 6 in Ranged Weapons
  3286 | D:4      | Noticed Grinder
  3291 | D:4      | 3291 ||| FLEEEEING.
  3292 | D:4      | Killed Grinder
  3293 | D:4      | Reached skill level 3 in Armour
  3293 | D:4      | Reached XP level 8. HP: 49/58 MP: 0/0
  3674 | D:4      | 3674 ||| READING 2 scrolls of identify.
  3674 | D:4      | 3674 ||| IDENTIFYING sedimented silvery potion
  3675 | D:4      | 3675 ||| READING scroll of identify.
  3675 | D:4      | 3675 ||| IDENTIFYING scroll labelled ALUW MODOIVEA
  3676 | D:4      | 3676 ||| READING scroll of enchant armour.
  3676 | D:4      | 3676 ||| ENCHANTING +0 cloak.
  3677 | D:4      | 3677 ||| READING scroll labelled JUICUT FANI.
  3678 | D:4      | 3678 ||| FLEEEEING.
  3788 | D:4      | 3788 ||| DROPPING potion of lignification.
  3801 | D:5      | Entered Level 5 of the Dungeon
  3886 | D:5      | Reached skill level 7 in Ranged Weapons
  4294 | D:5      | 4294 ||| UPGRADING to +0 steam dragon scales.
  4304 | D:5      | 4304 ||| DROPPING +0 ring mail.
  4360 | D:6      | Reached XP level 9. HP: 65/65 MP: 0/0
  4360 | D:6      | Learned a level 4 spell: Dimensional Bullseye
  4423 | D:6      | Found an opulent altar of Gozag.
  4598 | D:6      | Reached skill level 6 in Dodging
  4640 | D:6      | 4640 ||| FLEEEEING.
  4773 | D:6      | 4773 ||| RETREEEEATING.
  4775 | D:6      | 4775 ||| RETREEEEATING.
  4777 | D:6      | Noticed Pikel
  4782 | D:6      | Killed Pikel
  4783 | D:6      | Reached skill level 8 in Ranged Weapons
  4826 | D:6      | Reached skill level 6 in Fighting
  4826 | D:6      | 4826 ||| FLEEEEING.
  5039 | D:6      | 5039 ||| UPGRADING to +5 ring of evasion.
  5040 | D:6      | 5040 ||| READING scroll of identify.
  5040 | D:6      | 5040 ||| IDENTIFYING fuming dark potion
  5041 | D:6      | 5041 ||| READING scroll labelled XELUUTIPAOW.
  5075 | D:7      | 5075 ||| STAIRDANCE
  5077 | D:6      | 5077 ||| FLEEEEING.
  5123 | D:7      | Reached XP level 10. HP: 72/72 MP: 0/0
  5124 | D:7      | 5124 ||| STAIRDANCE
  5126 | D:6      | 5126 ||| FLEEEEING.
  5237 | D:7      | Found a staircase to the Ecumenical Temple.
  5238 | D:7      | 5238 ||| PLANNING TEMPLE
  5243 | Temple   | Entered the Ecumenical Temple
  5244 | Temple   | 5244 ||| PLANNING D:1-11
  5365 | D:7      | Reached skill level 9 in Ranged Weapons
  5719 | D:7      | 5719 ||| FLEEEEING.
  5790 | D:7      | Found a stormy altar of Qazlal.
  5796 | D:7      | 5796 ||| UPGRADING to +1 helmet.
  5801 | D:7      | 5801 ||| READING scroll of identify.
  5801 | D:7      | 5801 ||| IDENTIFYING fizzy clear potion
  5802 | D:7      | 5802 ||| DROPPING potion of berserk rage.
  5954 | D:8      | Found a shimmering altar of Xom.
  5961 | D:8      | 5961 ||| FLEEEEING.
  5962 | D:8      | 5962 ||| FLEEEEING.
  5963 | D:8      | 5963 ||| FLEEEEING.
  5964 | D:8      | 5964 ||| FLEEEEING.
  5965 | D:8      | 5965 ||| FLEEEEING.
  5966 | D:8      | 5966 ||| FLEEEEING.
  5967 | D:8      | 5967 ||| FLEEEEING.
  5968 | D:8      | 5968 ||| FLEEEEING.
  5969 | D:8      | 5969 ||| FLEEEEING.
  5970 | D:8      | 5970 ||| FLEEEEING.
  5974 | D:8      | 5974 ||| FLEEEEING.
  5975 | D:8      | 5975 ||| FLEEEEING.
  5976 | D:8      | 5976 ||| FLEEEEING.
  5977 | D:8      | 5977 ||| FLEEEEING.
  5981 | D:8      | 5981 ||| FLEEEEING.
  5986 | D:8      | 5986 ||| FLEEEEING.
  5987 | D:8      | 5987 ||| FLEEEEING.
  5988 | D:8      | 5988 ||| FLEEEEING.
  5989 | D:8      | 5989 ||| FLEEEEING.
  5990 | D:8      | 5990 ||| FLEEEEING.
  5991 | D:8      | 5991 ||| FLEEEEING.
  5992 | D:8      | 5992 ||| FLEEEEING.
  5993 | D:8      | 5993 ||| FLEEEEING.
  5994 | D:8      | 5994 ||| FLEEEEING.
  5995 | D:8      | 5995 ||| FLEEEEING.
  5996 | D:8      | 5996 ||| FLEEEEING.
  5997 | D:8      | 5997 ||| FLEEEEING.
  5998 | D:8      | 5998 ||| FLEEEEING.
  5999 | D:8      | 5999 ||| FLEEEEING.
  6000 | D:8      | 6000 ||| FLEEEEING.
  6001 | D:8      | 6001 ||| FLEEEEING.
  6002 | D:8      | 6002 ||| FLEEEEING.
  6308 | D:8      | Found a glowing silver altar of Zin.
  6401 | D:8      | Found a blossoming altar of Fedhas.
  6523 | D:8      | Reached skill level 10 in Ranged Weapons
  6650 | D:8      | 6650 ||| UPGRADING to amulet of reflection.
  6655 | D:8      | 6655 ||| UPGRADING to ring of willpower.
  6679 | D:9      | Found a basalt altar of Yredelemnul.
  6679 | D:9      | Found an iron altar of Okawaru.
  6679 | D:9      | Found a hazy altar of Hepliaklqana.
  6680 | D:9      | 6680 ||| PLANNING OKAWARU WORSHIP
  6688 | D:9      | Became a worshipper of Warmaster Okawaru
  6689 | D:9      | 6689 ||| PLANNING D:1-11
  6798 | D:9      | Noticed a boulder beetle
  6799 | D:9      | 6799 ||| DRINKING potion of haste.
  6805 | D:9      | Noticed Erica
  6810 | D:9      | HP: 18/75 [orc warrior/+0 halberd (10)]
  6811 | D:9      | 6811 ||| DRINKING potion of heal wounds.
  6815 | D:9      | HP: 15/75 [something (10)]
  6816 | D:9      | HP: 5/75 [something (4)]
  6817 | D:9      | Mangled by Erica

Levels and vault maps discovered:
D:1:      nzn_arrival_depleted_hourglass, layout_basic,
          hellmonk_ecumenical_altar_watching_god, minmay_indecisive_spiral
D:2:      layout_basic, minmay_strange_pillars, minmay_randomly_rotated_circles,
          uniq_natasha
D:3:      layout_basic, serial_shops, nicolae_lakefront_shop,
          ebering_ghost_rock_garden
D:4:      layout_gridville, mainiacjoe_overflow_tiny_flanked,
          dreamdust_wishing_well, uniq_grinder, uniq_blork_the_orc
D:5:      layout_rooms, nicolae_half_adder
D:6:      layout_basic, lemuel_coloured_pillars_altar,
          kennysheep_decorative_pillar, uniq_pikel
D:7:      layout_rooms, mainiacjoe_overflow_surrounded_room,
          minmay_temple_entry_enclosed_plants, lightli_corner_chamber
D:8:      layout_gridville, grunt_temple_overflow_growth_and_decay,
          hangedman_feature_mirror
D:9:      minmay_distorted_concentric_squares, layout_basic,
          chequers_temple_overflow_statue_of_worship, nicolae_blasting_shop,
          uniq_erica
Temple:   nicolae_temple_superstar

Skill      XL: |  1  2  3  4  5  6  7  8  9 10 |
---------------+-------------------------------+-----
Ranged Weapons | 4 5 6 7 8 10 | 10.0
Fighting       | 3 4 5 6 7 |  7.1
Dodging        | 3 5 6 8 |  8.0
Armour         | 1 3 |  3.4
Stealth        | |  0.7

Action                     |  1- 3 |  4- 6 |  7- 9 | 10-12 || total
---------------------------+-------+-------+-------+-------++-------
  Melee: Triple crossbow   |       |     1 |       |       ||     1
   Fire: Orcbow            |    53 |       |       |       ||    53
         Triple crossbow   |    14 |    74 |   114 |   119 ||   321
    Use: Scroll            |     7 |     5 |     6 |     1 ||    19
         Potion            |       |     5 |       |     2 ||     7
 Armour: Leather armour    |    19 |    73 |       |       ||    92
         Ring mail         |       |     1 |     9 |       ||    10
         Steam dragon scal |       |       |     8 |    52 ||    60
  Dodge: Dodged            |    22 |    49 |    32 |   131 ||   234
  Block: Other             |       |       |       |    13 ||    13

Table legend:
 A = Non-vault XP
 B = Vault XP
 C = Vault XP percentage of total XP
 D = Non-vault monster count
 E = Vault monster count
 F = Vault count percentage of total count
                 A         B        C        D         E       F
            +---------+---------+-------+---------+---------+-------
      Total |    4952 |    2165 |  30.4 |     160 |      27 |  14.4
            +---------+---------+-------+---------+---------+-------
        D:1 |      33 |       7 |  17.5 |      18 |       4 |  18.2
        D:2 |      60 |      56 |  48.3 |      16 |       7 |  30.4
        D:3 |     249 |       0 |   0.0 |      28 |       0 |   0.0
        D:4 |     532 |     352 |  39.8 |      14 |       2 |  12.5
        D:5 |     541 |      66 |  10.9 |      20 |       5 |  20.0
        D:6 |    1126 |     629 |  35.8 |      22 |       1 |   4.3
        D:7 |     884 |       0 |   0.0 |      12 |       0 |   0.0
        D:8 |    1271 |     812 |  39.0 |      19 |       6 |  24.0
        D:9 |     256 |     243 |  48.7 |      11 |       2 |  15.4
            +---------+---------+-------+---------+---------+-------
